 Dungeon Crawl Stone Soup version 0.28.0-62-gf88900778d (webtiles) character file.

Game seed: 5623039974362946044

90 Barneous the Stinger (level 4, -1/27 HPs)
             Began as an Octopode Venom Mage on Mar 20, 2023.
             Slain by Ijyb
             ... wielding a +0 dagger
              (4 damage)
             ... on level 3 of the Dungeon.
             The game lasted 00:06:02 (3172 turns).

Barneous the Stinger (Octopode Venom Mage)          Turns: 3172, Time: 00:06:02

Health: -1/27      AC:  1    Str:  7      XL:     4   Next: 56%
Magic:  8/8        EV: 13    Int: 17 (19) God:
Gold:   95         SH:  0    Dex:  9 (12) Spells: 7/8 levels left

rFire   . . .      SeeInvis .   b - +1 dagger (venom)
rCold   . . .      Faith    .   (no shield)
rNeg    . . .      Spirit   .   (helmet restricted)
rPois   .          Reflect  .   (no amulet)
rElec   .          Harm     .   (no ring)
rCorr   .          Rampage  .   (no ring)
Will    .....                   (no ring)
Stlth   ++........              (no ring)
HPRegen 0.09/turn               (no ring)
MPRegen 0.11/turn               (no ring)
                                (no ring)
                                (no ring)

@: confused
A: almost no armour, amphibious, 8 rings, camouflage 1, gelatinous body 1,
(nimble swimmer 1), tentacles
a: no special abilities


You were on level 3 of the Dungeon.
You visited 1 branch of the dungeon, and saw 3 of its levels.

You collected 95 gold pieces.

Inventory:

Hand Weapons
 b - a +1 dagger of venom (weapon)
Scrolls
 a - a scroll of fog


   Skills:
 + Level 0.6 Fighting
 + Level 0.2 Short Blades
 + Level 2.2 Dodging
 + Level 3.5 Stealth
 + Level 2.9 Spellcasting
 + Level 1.7 Transmutations
 + Level 4.2 Poison Magic


You had 7 spell levels left.
You knew the following spells:

 Your Spells              Type           Power      Damage    Failure   Level
a - Sting                 Tmut/Pois      48%        1d5       4%          1

Your spell library contained the following spells:

 Spells                   Type           Power      Damage    Failure   Level
 Poisonous Vapours        Pois/Air       18%        N/A       11%         2
 Summon Small Mammal      Summ           8%         N/A       19%         1
 Mephitic Cloud           Conj/Pois/Air  7%         N/A       28%         3
 Olgreb's Toxic Radiance  Pois           17%        N/A       30%         4
 Call Canine Familiar     Summ           2%         N/A       47%         3
 Summon Guardian Golem    Hex/Summ       2%         N/A       47%         3


Dungeon Overview and Level Annotations

Branches:
Dungeon (3/15)

Altars:

Annotations:
D:3 Ijyb


Innate Abilities, Weirdness & Mutations

You cannot wear most types of armour.
You are amphibious.
You can wear up to eight rings at the same time.
Your skin changes colour to match your surroundings (Stealth+).
Your rubbery body absorbs attacks. (AC +1, EV +1)
((You are camouflaged when in or above water. (Stealth+)))
You have tentacles for arms and can constrict up to eight enemies at once.


Message History

An orc comes into view. It is wielding a +0 club.
You feel less confused.
The orc shouts!
You hear a shout! x2
You closely miss Ijyb. You grab Ijyb.
Ijyb is moderately wounded.
You constrict Ijyb, but do no damage. Ijyb closely misses you.
You barely miss Ijyb.
Ijyb is moderately wounded.
You constrict Ijyb, but do no damage. Ijyb hits you with a +0 dagger.
You barely miss Ijyb. You squeeze Ijyb, but do no damage.
Ijyb is moderately wounded.
You constrict Ijyb.
Ijyb zaps a wand.
Your will is overpowered!
You are confused.
A hobgoblin comes into view.
You barely miss Ijyb. You squeeze Ijyb.
Ijyb is heavily wounded.
You constrict Ijyb.
Ijyb grins evilly.
Ijyb zaps a wand.
You resist with some effort.
You hit Ijyb but do no damage. Your squeeze misses Ijyb.
Ijyb is severely wounded.
You constrict Ijyb, but do no damage. Ijyb hits you with a +0 dagger.
You hit Ijyb but do no damage.
Ijyb is severely wounded.
You constrict Ijyb. Ijyb closely misses you. The orc hits you with a +0 club.
You're too confused to move!
You constrict Ijyb. Ijyb screams, "Me kill you!"
Ijyb zaps a wand.
Your will is overpowered!
You are more confused.
The now-empty wand crumbles to dust.
The orc misses you.
You closely miss the orc. Your squeeze misses the orc. You constrict Ijyb.
Ijyb hits you with a +0 dagger. The orc hits you with a +0 club.
You bump into the rock wall.
You constrict Ijyb, but do no damage. Ijyb hits you with a +0 dagger.
* * * LOW HITPOINT WARNING * * *
The orc hits you with a +0 club.
* * * LOW HITPOINT WARNING * * *
You bump into the rock wall.
You constrict Ijyb. Ijyb hits you with a +0 dagger.
You die...

.. ... .# ...
.#... ##.#.#
#.#####....##
#...<.......#
######g...#.#
#g#.## #@#.#
#o#.# #g#.#
#.#.. #.###
#.# #.# ...


You could see Ijyb, an orc and 2 hobgoblins.

Vanquished Creatures
  4 adders (D:2)
  3 dart slugs
  5 ball pythons
  An endoplasm (D:2)
  A giant cockroach (D:1)
  5 goblins
  4 hobgoblins
  2 jackals (D:1)
  3 kobolds
  3 quokkas
  7 bats
  A frilled lizard (D:1)
  8 rats
47 creatures vanquished.

Notes
Turn   | Place    | Note
-------+----------+-------------------------------------------
     0 | D:1      | Barneous the Octopode Venom Mage began the quest for the
                  | Orb.
     0 | D:1      | Reached XP level 1. HP: 11/11 MP: 3/3
    65 | D:1      | Found a faded altar of an unknown god.
   202 | D:1      | Reached XP level 2. HP: 17/17 MP: 3/5
   295 | D:1      | Reached skill level 4 in Poison Magic
   780 | D:1      | Reached XP level 3. HP: 21/21 MP: 3/6
  2144 | D:2      | Reached XP level 4. HP: 27/27 MP: 5/8
  2530 | D:2      | Identified the +9 morningstar of Ravage {spect, rN++}
  3151 | D:3      | Noticed Ijyb
  3172 | D:3      | Slain by Ijyb

Illustrated notes

Levels and vault maps discovered:
D:1:      evilmike_arrival_rings, layout_basic,
          hellmonk_ecumenical_altar_dog_temple, minmay_domino_4
D:2:      minmay_skewed_foursquare, layout_basic
D:3:      layout_loops_ring, marbit_many_paths, uniq_ijyb

Skill      XL: |  1  2 |
---------------+-------+-----
Poison Magic   | 4 |  4.2
Stealth        | 3 |  3.5
Fighting       | |  0.6
Short Blades   | |  0.2
Dodging        | |  2.2
Spellcasting   | |  2.9
Transmutations | |  1.7

Action                   |  1- 3 |  4- 6 || total
-------------------------+-------+-------++-------
Melee: Unarmed           |    20 |       ||    20
       Constrict         |    14 |     6 ||    20
       Short sword       |     9 |       ||     9
       Tentacles         |     6 |     8 ||    14
       Dagger            |    24 |    21 ||    45
       Punch             |     1 |       ||     1
 Cast: Sting             |    31 |    10 ||    41
  Use: Scroll            |     4 |     2 ||     6
       Potion            |     2 |     1 ||     3
 Stab: Sleeping          |     2 |     2 ||     4
Armor: Skin              |     6 |     3 ||     9
Dodge: Dodged            |    49 |    12 ||    61
